 Dungeon Crawl Stone Soup version 0.21.0 (webtiles) character file.

9303 Jimb0v the Carver (level 11, 0/108 HPs)
             Began as a Minotaur Fighter on June 8, 2018.
             Was an Elder of the Shining One.
             Slain by a porcupine (1 damage)
             ... on level 1 of the Lair of Beasts.
             The game lasted 00:54:10 (10000 turns).

Jimb0v the Carver (Minotaur Fighter)               Turns: 10000, Time: 00:54:12

Health: 0/108      AC: 11    Str: 25    XL:     11   Next: 21%
Magic:  0/10       EV: 10    Int:  5    God:    the Shining One [****..]
Gold:   103        SH:  0    Dex:  7    Spells: 10/10 levels left

rFire    x . .     SeeInvis .   t - +0 great sword
rCold    + . .     Gourm    .   (shield currently unavailable)
rNeg     + + +     Faith    .   K - +1 ring mail {rN+}
rPois    .         Spirit   +   (helmet restricted)
rElec    .         Reflect  .   B - scarf {Spirit}
rCorr    .         Harm     .   (no gloves)
MR       .....                  x - +2 pair of boots
Stlth    ..........             u - amulet of guardian spirit
HPRegen  0.28/turn              E - ring of ice
MPRegen  0.12/turn              (no ring)

@: lethally poisoned (0 -> -26), slowed, glowing, very slow
A: retaliatory headbutt, horns 2, clumsy 1, robust 1
a: Divine Shield, Cleansing Flame, Renounce Religion


You were on level 1 of the Lair of Beasts.
You worshipped the Shining One.
The Shining One was greatly pleased with you.
You were hungry.

You visited 3 branches of the dungeon, and saw 13 of its levels.

You collected 505 gold pieces.
You spent 402 gold pieces at shops.

Inventory:

Hand Weapons
 a - a +0 long sword
 t - a +0 great sword (weapon)
Missiles
 m - 6 javelins of penetration (quivered)
 r - 46 poisoned needles
Armour
 n - a +1 shield of protection
 w - a +1 scale mail of poison resistance
 x - a +2 pair of boots (worn)
 B - a scarf of spirit shield (worn)
 K - a +1 ring mail of positive energy (worn)
Jewellery
 g - an uncursed ring of wizardry
 u - an amulet of guardian spirit (around neck)
 v - an uncursed ring of positive energy {unknown}
 E - a ring of ice (left hand)
Wands
 b - a wand of acid (11)
 s - a wand of polymorph (17)
 A - a wand of iceblast (15)
Scrolls
 c - 2 scrolls of remove curse
 h - 3 scrolls of teleportation
 i - 9 scrolls of identify
 o - a scroll of amnesia
 p - a scroll of magic mapping
 q - 3 scrolls of fear
Potions
 d - 2 potions of might
 j - a potion of ambrosia
 k - 3 potions of haste {unknown}
 l - 2 potions of curing
 z - a potion of mutation
 C - a potion of brilliance
Comestibles
 f - 12 rations


   Skills:
 + Level 10.1 Fighting
 * Level 13.1 Long Blades
 + Level 10.1 Armour
 + Level 10.0 Shields


You had 10 spell levels left.
You didn't know any spells.

Dungeon Overview and Level Annotations

Branches:
Dungeon (10/15)            Temple (1/1) D:4            Lair (2/6) D:10
  Swamp: Lair:2-4    Shoals: Lair:2-4     Snake: Lair:2-4    Spider: Lair:2-4
    Orc: D:9-12

Altars:
Cheibriados
Dithmenos
Hepliaklqana
Makhleb
Nemelex Xobeh
Okawaru
Ru
Yredelemnul
The Shining One

Shops:
D:9 !*!(?

Annotations:
D:9 Gastronok
Lair:2 Sonja


Innate Abilities, Weirdness & Mutations

You reflexively headbutt those who attack you in melee.
You have a pair of horns on your head.
You are clumsy. (Dex -2)
You are robust. (+10% HP)


Message History

The porcupine closely misses you. The porcupine bites you!
* * * LOW HITPOINT WARNING * * *
The komodo dragon closely misses you. You furiously retaliate!
You headbutt the komodo dragon.
You riposte.
You slash the komodo dragon!
The komodo dragon is heavily wounded.
You hear a howl!
There is a stone staircase leading down, spattered with blood here.
You feel much better.
* * * LOW HITPOINT WARNING * * *
You feel very sick. The spiny frog stings you!
* * * LOW HITPOINT WARNING * * *
The porcupine bites you but does no damage.
The porcupine bites you!
* * * LOW HITPOINT WARNING * * *
The spiny frog misses you. The komodo dragon bites you.
* * * LOW HITPOINT WARNING * * *
The spiny frog stings you but does no damage.
The porcupine closely misses you. The porcupine bites you.
You die...

#. ... .. #.# #.#.#
#.# P#........ ....
.h#.#.#.# #.#.#
.h...........
##.#.#.#.#.#.#
#...h.h.......
###.#l#r#.#.#.#
#....F@........
...#.#F#r#.#.#.#
........###
.........##
.........†.### #
.............## .#
..............# ## .#
.#####........##.#..#
####..........#


You could see a komodo dragon, 2 spiny frogs, 4 wolves and 2 porcupines.

Vanquished Creatures
  A two-headed ogre (D:8)
  The ghost of Bigdawg the Cleaver, a novice MiFi of Okawaru (D:8)
  Pikel (D:7)
  Joseph (D:8)
  Sigmund (D:3)
  A spriggan (D:8)
  3 vampires
  2 hungry ghosts
  Grum (D:9)
  2 wargs (D:10)
  A water moccasin (D:5)
  3 porcupines (Lair:1)
  3 orc warriors
  2 ice beasts
  A sky beast (D:10)
  3 necrophages (D:7)
  A black bear (D:7)
  The ghost of Bigdawg the Chopper, an amateur MiFi (D:3)
  An eye of draining (D:10)
  6 ogres
  The ghost of HDogLeCool the Shooter, an amateur MiHu (D:4)
  3 phantoms
  5 centaurs
  10 wolves
  A crocodile (Lair:1)
  5 bullfrogs
  3 scorpions
  14 killer bees (D:10)
  2 wights (D:7)
  2 howler monkeys (D:10)
  6 crimson imps
  A jelly (D:8)
  2 bullfrog skeletons
  4 hounds
  6 orc wizards (D:10)
  Jessica (D:3)
  An iguana (D:8)
  Natasha (thrice) (D:3 D:6)
  10 worker ants
  A hound skeleton (D:4)
  A mummy (D:7)
  A worker ant zombie (D:6)
  8 adders
  2 shadow imps
  An ooze (D:7)
  An adder skeleton (D:5)
  An adder zombie (D:7)
  A worm (D:3)
  A dart slug (D:3)
  6 leopard geckos
  29 orcs
  7 bats
  3 giant cockroaches
  8 hobgoblins
  8 jackals
  4 quokkas
  2 ball pythons
  4 frilled lizards
  A giant cockroach zombie (D:6)
  9 goblins
  A jackal zombie (D:6)
  6 kobolds
  A leopard gecko skeleton (D:6)
  9 rats
  A fungus (Lair:1)
233 creatures vanquished.

Vanquished Creatures (others)
  An orc (D:7)
  A withered plant (D:7)
2 creatures vanquished.

Grand Total: 235 creatures vanquished

Notes
Turn   | Place    | Note
-------+----------+-------------------------------------------
     0 | D:1      | Jimb0v the Minotaur Fighter began the quest for the Orb.
     0 | D:1      | Reached XP level 1. HP: 19/19 MP: 0/0
   220 | D:1      | Reached skill level 3 in Long Blades
   220 | D:1      | Reached XP level 2. HP: 27/27 MP: 1/1
  1009 | D:2      | Found a glowing golden altar of the Shining One.
  1010 | D:2      | Found a hazy altar of Hepliaklqana.
  1011 | D:2      | Found a sacrificial altar of Ru.
  1011 | D:2      | Found a basalt altar of Yredelemnul.
  1011 | D:2      | Found a snail-covered altar of Cheibriados.
  1021 | D:2      | Reached XP level 3. HP: 33/33 MP: 2/2
  1055 | D:2      | Became a worshipper of the Shining One
  1406 | D:2      | Reached XP level 4. HP: 40/40 MP: 3/3
  1446 | D:3      | Noticed Natasha
  1458 | D:3      | Reached skill level 4 in Long Blades
  1611 | D:3      | Killed Natasha
  1774 | D:3      | Noticed Bigdawg's ghost (amateur MiFi)
  1788 | D:3      | Killed Bigdawg's ghost
  1788 | D:3      | Reached XP level 5. HP: 30/47 MP: 4/4
  1950 | D:3      | Noticed Sigmund
  1965 | D:3      | Killed Sigmund
  1965 | D:3      | Reached skill level 5 in Fighting
  1965 | D:3      | Reached skill level 5 in Long Blades
  1965 | D:3      | Reached skill level 5 in Armour
  1965 | D:3      | Reached XP level 6. HP: 56/56 MP: 5/5
  2115 | D:3      | Noticed Jessica
  2115 | D:3      | Reached * piety under the Shining One
  2121 | D:3      | Killed Jessica
  2121 | D:3      | Reached skill level 5 in Shields
  2135 | D:3      | Noticed Natasha
  2147 | D:3      | Killed Natasha
  2305 | D:4      | Noticed HDogLeCool's ghost (amateur MiHu)
  2329 | D:4      | Killed HDogLeCool's ghost
  2329 | D:4      | Reached skill level 6 in Long Blades
  2329 | D:4      | Reached XP level 7. HP: 35/61 MP: 6/6
  2514 | D:4      | Found a staircase to the Ecumenical Temple.
  2726 | D:4      | Reached skill level 7 in Long Blades
  2928 | D:4      | Found a burning altar of Makhleb.
  3001 | D:5      | Entered Level 5 of the Dungeon
  3177 | D:5      | Reached XP level 8. HP: 69/70 MP: 5/7
  3268 | D:5      | Reached skill level 8 in Long Blades
  3498 | D:5      | Reached ** piety under the Shining One
  4072 | D:6      | Noticed Natasha
  4077 | D:6      | Killed Natasha
  4157 | D:6      | Reached skill level 9 in Long Blades
  4418 | D:7      | Reached XP level 9. HP: 44/79 MP: 3/8
  4644 | D:7      | Reached *** piety under the Shining One
  4817 | D:7      | Reached skill level 10 in Long Blades
  4832 | D:7      | Noticed Pikel
  4852 | D:7      | Killed Pikel
  5187 | D:8      | Noticed Joseph
  5203 | D:8      | Killed Joseph
  5203 | D:8      | Reached skill level 11 in Long Blades
  5203 | D:8      | Reached XP level 10. HP: 85/90 MP: 9/9
  5558 | D:8      | Noticed Bigdawg's ghost (novice MiFi)
  5588 | D:8      | Killed Bigdawg's ghost
  6127 | D:8      | Gained mutation: You are clumsy. (Dex -2) [potion of mutation]
  6127 | D:8      | Gained mutation: Armour fits poorly on your strangely shaped body. [potion of mutation]
  6127 | D:8      | Lost mutation: Armour fits poorly on your strangely shaped body. [potion of mutation]
  6127 | D:8      | Gained mutation: You are robust. (+10% HP) [potion of mutation]
  6648 | D:8      | Noticed a two-headed ogre
  6655 | D:8      | Killed a two-headed ogre
  7026 | D:9      | Found an iron altar of Okawaru.
  7062 | D:9      | Found Patimn's General Store.
  7079 | D:9      | Noticed Grum
  7096 | D:9      | Killed Grum
  7096 | D:9      | Reached skill level 12 in Long Blades
  7125 | D:9      | Noticed Gastronok
  7830 | Temple   | Entered the Ecumenical Temple
  8026 | D:9      | Found Oschoar's Magic Scroll Boutique.
  8030 | D:9      | Bought a scroll of amnesia for 56 gold pieces
  8038 | D:9      | Found Legaf Funtut's Antique Weapon Boutique.
  8102 | D:9      | Found Ucro's Distillery.
  8107 | D:9      | Bought a potion of heal wounds for 70 gold pieces
  8107 | D:9      | Bought 2 potions of heal wounds for 140 gold pieces
  8128 | D:9      | Bought 3 scrolls of fear for 136 gold pieces
  8148 | D:9      | Found Gino's Distillery.
  8241 | D:10     | Entered Level 10 of the Dungeon
  9314 | D:10     | Reached XP level 11. HP: 97/108 MP: 0/10
  9656 | D:10     | Found a staircase to the Lair.
  9683 | Lair:1   | Entered Level 1 of the Lair of Beasts
  9711 | Lair:1   | Reached skill level 10 in Armour
  9735 | Lair:1   | Reached skill level 10 in Fighting
  9736 | Lair:1   | Reached skill level 13 in Long Blades
  9738 | Lair:1   | Reached skill level 10 in Shields
  9761 | Lair:1   | Noticed a six-headed hydra
  9979 | Lair:1   | Reached **** piety under the Shining One
  9997 | Lair:2   | Noticed Sonja
 10000 | Lair:1   | HP: 1/108 [komodo dragon (5)]
 10000 | Lair:1   | Slain by a porcupine

Skill      XL: |  1  2  3  4  5  6  7  8  9 10 11 |
---------------+----------------------------------+-----
Long Blades    | 3 4 5 6 7 9 11 12 13 | 13.1
Fighting       | 4 5 6 7 8 9 10 | 10.1
Armour         | 4 5 6 7 8 9 10 | 10.1
Shields        | 4 5 6 7 8 9 10 | 10.0

Action                   |  1- 3 |  4- 6 |  7- 9 | 10-12 || total
-------------------------+-------+-------+-------+-------++-------
Melee: Long sword        |   121 |    96 |   271 |   349 ||   837
       Headbutt          |    13 |    18 |    45 |    65 ||   141
       Great sword       |       |       |       |     5 ||     5
Invok: Divine Shield     |       |       |     1 |     4 ||     5
Evoke: Wand              |       |       |     1 |     2 ||     3
  Use: Potion            |       |     1 |       |    16 ||    17
       Scroll            |       |       |       |    10 ||    10
  Eat: Chunk             |     2 |       |     4 |     3 ||     9
       Ration            |       |     1 |     1 |     5 ||     7
Armor: Scale mail        |    14 |       |   126 |       ||   140
       Plate armour      |    87 |    68 |     2 |       ||   157
       Ring mail         |       |       |       |   152 ||   152
Dodge: Dodged            |    22 |    18 |    68 |   126 ||   234
Block: Shield            |    75 |    61 |   202 |   272 ||   610
       Rpst.: Long sword |     5 |     5 |    16 |    35 ||    61
       Great sword       |       |       |       |     3 ||     3
